 Dungeon Crawl Stone Soup version 0.31.0-11-ge490571c62 (webtiles) character file.

Game seed: 1840556265020592022

22664 Minsecho the Covert (level 12, -2/60 HPs)
             Began as a Spriggan Monk on Feb 3, 2024.
             Was a High Priest of Wu Jian.
             Slain by a molten gargoyle
             ... wielding a +0 mace
              (3 damage)
             ... in a volcano.
             The game lasted 00:43:20 (12842 turns).

Minsecho the Covert (Spriggan Monk)                Turns: 12842, Time: 00:43:20

Health: -2/60      AC:  9    Str: 11    XL:     12   Next: 65%
Magic:  9/27       EV: 24    Int: 17    God:    Wu Jian [*****.]
Gold:   639        SH:  4    Dex: 19    Spells: 18/31 levels left

rFire   + + .        Q - +9 morningstar of the Healing Gods {elec, rF+}
rCold   + . .        (no shield)
rNeg    . . .        L - +0 steam dragon scales
rPois   +            (helmet currently unavailable)
rElec   +            (cloak currently unavailable)
rCorr   +            (gloves unavailable)
SInv    +            (boots unavailable)
Will    ++...        H - amulet of the acrobat
Stlth   ++++++       a - +4 ring of protection
HPRegen 0.30/turn    g - +6 ring of intelligence
MPRegen 0.20/turn

%: acrobat
@: beast-form, resistant, very quick
A: beast (slay +4), very small, no large weapons, unfitting armour, see
invisible, speed 3, large bone plates 1, subdued magic 1
a: Begin Untransformation, Renounce Religion, Wall Jump, Serpent's Lash,
Heavenly Storm


You were in a volcano.
You worshipped Wu Jian.
Wu Jian was extremely pleased with you.
You were a hulking beast.
You visited 3 branches of the dungeon, and saw 14 of its levels.
You also visited: Ossuary and Volcano.

You collected 799 gold pieces.
You spent 160 gold pieces at shops.

Inventory:

Hand Weapons
 o - a +4 dagger of draining
 Q - the +9 morningstar of the Healing Gods (weapon) {elec, rF+}
   (You found it on level 2 of the Lair of Beasts)

   rF+:       It protects you from fire.
Missiles
 c - 2 boomerangs
 F - 5 curare-tipped darts
Armour
 d - an orb of light
 L - +0 steam dragon scales (worn)
Jewellery
 a - a +4 ring of protection (left hand)
 b - a ring of flight
 g - a +6 ring of intelligence (right hand)
 u - a ring of willpower
 w - a ring of positive energy
 H - an amulet of the acrobat (around neck)
Talismans
 q - a beast talisman (active)
Wands
 G - a wand of flame (17)
 I - a wand of light (5)
 O - a wand of polymorph (4)
Scrolls
 f - 2 scrolls of blinking {unknown}
 h - 3 scrolls of poison
 i - 3 scrolls of enchant weapon {unknown}
 k - 3 scrolls of torment {unknown}
 m - 2 scrolls of enchant armour {unknown}
 p - 3 scrolls of fog {unknown}
 r - 4 scrolls of teleportation {unknown}
 t - 4 scrolls of vulnerability {unknown}
 y - 2 scrolls of brand weapon
 D - a scroll of amnesia
 E - 2 scrolls of revelation
 K - a scroll of summoning
 M - a scroll of noise {unknown}
 N - a scroll of fear {unknown}
 P - a scroll of identify
Potions
 e - 4 potions of mutation
 j - 3 potions of lignification
 l - a potion of resistance
 n - a potion of cancellation
 s - 4 potions of curing
 v - a potion of brilliance
 x - 5 potions of berserk rage
 z - 3 potions of enlightenment
 A - 5 potions of attraction
 B - a potion of magic
 C - 3 potions of haste
Miscellaneous
 J - a lightning rod (4/4)


   Skills:
 + Level 5.5 Fighting
 + Level 9.8 Short Blades
 + Level 2.1 Throwing
 + Level 9.1 Dodging
 + Level 13.3 Stealth
 + Level 0.8 Shields
 * Level 10.2 Spellcasting
 + Level 3.1 Conjurations
 * Level 9.5 Hexes
 - Level 6.0 Translocations
 - Level 4.0 Air Magic
 + Level 2.6 Evocations
 - Level 7.0 Shapeshifting


You had 18 spell levels left.
You knew the following spells:

 Your Spells              Type           Power      Damage    Failure   Level
a - Dazzling Flash        Conj/Hex       46%        N/A       1%          3
b - Swiftness             Air            17%        N/A       3%          3
c - Passage of Golubria   Tloc           22%        N/A       5%          4
d - Tukima's Dance        Hex            31%        N/A       1%          3

Your spell library contained the following spells:

 Spells                   Type           Power      Damage    Failure   Level
 Shock                    Conj/Air       64%        1d7       1%          1
 Static Discharge         Conj/Air       32%        3-5/arc   2%          2
 Volatile Blastmotes      Fire/Tloc      28%        2d12      6%          3
 Airstrike                Air            8%         2d(2-18)  13%         4
 Yara's Violent Unravell  Hex/Alch       9%         3d6       28%         5
 Summon Lightning Spire   Summ/Air       11%        N/A       32%         4
 Animate Dead             Necr           6%         N/A       58%         4
 Summon Blazeheart Golem  Fire/Summ      6%         N/A       58%         4
 Starburst                Conj/Fire      5%         6d4       99%         6
 Haunt                    Necr/Summ      3%         N/A       100%        7
 Orb of Destruction       Conj           7%         9d6       100%        7
 Spellforged Servitor     Conj/Summ      5%         N/A       100%        7
 Infestation              Necr           3%         N/A       100%        8
 Maxwell's Capacitive Co  Air            8%         ∞         100%        8


Dungeon Overview and Level Annotations

Branches:
Dungeon (11/15)            Temple (1/1) D:7            Lair (2/5) D:8
Ossuary (visited)         Volcano (1/1)
  Swamp: Lair:2-3    Shoals: Lair:2-3     Snake: Lair:2-3    Spider: Lair:2-3
    Orc: D:9-12

Altars:
Ashenzari
Cheibriados
Dithmenos
Elyvilon
Fedhas
Gozag
Hepliaklqana
Kikubaaqudgha
Makhleb
Nemelex Xobeh
Okawaru
Qazlal
Ru
Sif Muna
Trog
Uskayaw
Vehumet
Wu Jian
Xom
Yredelemnul
Zin
The Shining One

Shops:
D:2 (   D:4 !   D:9 [

Annotations:
D:6 3 runed translucent doors, Gadfly's ghost, amateur DsMo; Greth's ghost, amateur DsNe; uncleiroh's ghost, novice TrBe
D:8 1 runed translucent door, Biggs's ghost, novice DjAE
D:11 Gastronok
Lair:1 2 transporters


Innate Abilities, Weirdness & Mutations

You are a hulking beast.
Your limbs bulge with bestial killing power. (Slay +4)
You are very small and have problems with some larger weapons.
You are too small for most types of armour.
You have supernaturally acute eyesight. (SInv)
You cover ground extremely quickly. (Speed+++)
You are partially covered in large bone plates. (SH +4)
Your spells are a little easier to cast, but a little less powerful.


Message History

The molten gargoyle is severely damaged.
The molten gargoyle blasts magma at you!
The bolt of magma misses you. You block the molten gargoyle's attack.
The molten gargoyle blasts magma at you!
The bolt of magma misses you.
You barely miss the molten gargoyle.
The molten gargoyle is severely damaged.
The molten gargoyle completely misses you.
The molten gargoyle blasts magma at you!
The bolt of magma misses you.
You closely miss the molten gargoyle.
The molten gargoyle is severely damaged.
The molten gargoyle closely misses you.
The molten gargoyle blasts magma at you!
The bolt of magma hits you! You partially resist.
The molten gargoyle blasts magma at you!
The bolt of magma misses you.
The molten gargoyle blasts magma at you!
The bolt of magma misses you.
Your +3 flail of draining hits the molten gargoyle but does no damage.
You feel protected.
The molten gargoyle hits you but does no damage. x2
You puncture the molten gargoyle!
The molten gargoyle is almost destroyed.
Your +3 flail of draining hits the molten gargoyle!
The molten gargoyle is destroyed!
The Council accepts your kill.
The molten gargoyle blasts magma at you!
The bolt of magma hits you! You partially resist.
Your +3 flail of draining hits the molten gargoyle.
Your Throwing skill increases to level 2!
You hit the molten gargoyle but do no damage.
The molten gargoyle is lightly damaged.
The molten gargoyle hits you with a +0 mace!
You are engulfed in flames.
You resist.
Your +3 flail of draining hits the molten gargoyle but does no damage.
The molten gargoyle hits you with a +0 mace!!
* * * LOW HITPOINT WARNING * * *
You are engulfed in flames.
You resist.
You die...

#........# #........#
#..####..# ### #..# #..#
#.. #((####..# ..
#..##.'..# #.# #(.####99#
..# 9 #.9####..# ##.# ~#
#h.##)'..###.# ~~~
#..####.9##..#~~~~
########.)# #..#..#o~~~§
##.8..8##..####..'..~~(~~§
#8.....'.8...8#..'.#~~~~~~
#......'......####..~~~~~~
#∩.∩...#..⌠..)# #########
#......'......####..~~~~~~
#8.....'.8...8#..+.#~~~~~~


You could see a molten gargoyle (ally target) and a friendly +3 flail of
draining.

Vanquished Creatures
  Erica (D:10)
  2 two-headed ogres (D:10)
  A salamander (Volcano)
  3 cyclopes (Volcano)
  Joseph (D:10)
  2 torpor snails
  3 gargoyles (Volcano)
  7 cane toads
  An unseen horror (D:11)
  4 komodo dragons
  Maggie (D:8)
  A rime drake (D:8)
  2 hornets (D:9)
  2 polar bears
  10 blink frogs
  A vampire (D:11)
  4 wyverns (Lair:2)
  33 yaks
  2 basilisks
  4 steam dragons
  3 water moccasins
  A black bear (D:6)
  5 ice beasts
  3 sky beasts
  A wolf (D:8)
  3 centaurs
  3 ogres
  4 bullfrogs
  2 kobold brigands
  A gnoll sergeant (D:8)
  2 scorpions (D:6)
  9 wights
  3 killer bees
  3 electric eels
  2 howler monkeys
  A jelly (D:6)
  A bombardier beetle (D:3)
  A gnoll bouda (D:6)
  6 hounds
  5 orc priests
  11 mummies (Ossuary)
  Jessica (D:3)
  5 orc wizards
  Ijyb (D:3)
  3 iguanas
  A killer bee zombie (Ossuary)
  3 crocodile zombies (Ossuary)
  4 hound zombies (Ossuary)
  5 howler monkey zombies (Ossuary)
  11 gnolls
  5 adders
  2 white imps (D:6)
  A dart slug (D:5)
  20 orcs
  4 ball pythons
  2 bats
  5 endoplasms
  6 giant cockroaches
  6 goblins
  2 hobgoblins (D:1)
  A quokka (D:3)
  4 ball python zombies (Ossuary)
  5 frilled lizards
  21 kobolds
  3 rats (D:1)
276 creatures vanquished.

Vanquished Creatures (collateral kills)
  A molten gargoyle (Volcano)
  2 wights (D:8)
  A killer bee (D:8)
4 creatures vanquished.

Vanquished Creatures (others)
  2 two-headed ogres (D:9)
  2 yaks
  A dancing weapon (Volcano)
  An orc warrior (D:9)
  2 centaurs (D:9)
  A kobold brigand (D:9)
  A wight (D:9)
10 creatures vanquished.

Grand Total: 290 creatures vanquished

Notes
Turn   | Place    | Note
-------+----------+-------------------------------------------
     0 | D:1      | Minsecho the Spriggan Monk began the quest for the Orb.
     0 | D:1      | Reached XP level 1. HP: 11/11 MP: 2/2
   111 | D:1      | Reached XP level 2. HP: 16/16 MP: 3/3
   736 | D:2      | Reached XP level 3. HP: 11/19 MP: 4/4
   812 | D:2      | Found Zoma's Antique Weapon Boutique.
   867 | D:2      | Reached skill level 1 in Stealth
  1040 | D:2      | Found a faded altar of an unknown god.
  1158 | D:3      | Noticed Jessica
  1185 | D:3      | Killed Jessica
  1360 | D:3      | Reached XP level 4. HP: 24/24 MP: 5/5
  1368 | D:3      | Reached skill level 2 in Stealth
  1481 | D:3      | Noticed Ijyb
  1512 | D:3      | Killed Ijyb
  1513 | D:3      | Reached skill level 5 in Dodging
  1513 | D:3      | Reached XP level 5. HP: 25/28 MP: 6/6
  2005 | D:4      | Found Plog's Distillery.
  2009 | D:4      | Bought a potion of heal wounds for 50 gold pieces
  2009 | D:4      | Bought a potion of berserk rage for 50 gold pieces
  2009 | D:4      | Bought 2 potions of curing for 60 gold pieces
  2156 | D:4      | Identified the +8 morningstar "Padghaej" {freeze, SInv}
  2160 | D:4      | Gained mutation: Your spells are a little easier to cast,
                  | but a little less powerful. [potion of mutation]
  2160 | D:4      | Gained mutation: You are partially covered in large bone
                  | plates. (SH +4) [potion of mutation]
  2659 | D:5      | Entered Level 5 of the Dungeon
  2679 | D:5      | Reached skill level 1 in Shapeshifting
  2783 | D:5      | Reached skill level 3 in Stealth
  2887 | D:5      | Reached skill level 5 in Short Blades
  3077 | D:5      | Learned a level 3 spell: Dazzling Flash
  3141 | D:5      | Reached XP level 6. HP: 22/32 MP: 7/7
  3589 | D:6      | Found a sand-covered staircase.
  3602 | D:6      | Reached skill level 1 in Spellcasting
  3693 | D:6      | Found a runed translucent gate.
  3693 | D:6      | Found a runed translucent gate.
  3693 | D:6      | Found a runed translucent gate.
  3693 | D:6      | Noticed uncleiroh's ghost (novice TrBe)
  3694 | D:6      | Noticed Gadfly's ghost (amateur DsMo)
  3694 | D:6      | Noticed Greth's ghost (amateur DsNe)
  3705 | Ossuary  | Entered an ossuary
  3763 | Ossuary  | Reached XP level 7. HP: 33/36 MP: 10/10
  3824 | Ossuary  | Reached skill level 1 in Hexes
  4446 | D:6      | Reached skill level 5 in Shapeshifting
  4449 | D:6      | Reached XP level 8. HP: 28/42 MP: 12/12
  4951 | D:6      | Found a bloodstained altar of Trog.
  5024 | D:6      | Learned a level 3 spell: Swiftness
  5476 | D:7      | Found a sparkling altar of Nemelex Xobeh.
  5543 | D:7      | Found a staircase to the Ecumenical Temple.
  5553 | Temple   | Entered the Ecumenical Temple
  5562 | Temple   | Became a worshipper of the Wu Jian Council
  5562 | Temple   | Reached * piety under Wu Jian
  5562 | Temple   | Reached ** piety under Wu Jian
  5702 | D:7      | Reached skill level 1 in Air Magic
  5943 | D:7      | Reached XP level 9. HP: 46/46 MP: 15/15
  6180 | D:8      | Found a staircase to the Lair.
  6180 | D:8      | Noticed a rime drake
  6188 | D:8      | Killed a rime drake
  6212 | D:8      | Reached skill level 5 in Spellcasting
  6219 | D:8      | Noticed a polar bear
  6298 | D:8      | Killed a polar bear
  6299 | D:8      | Reached skill level 4 in Stealth
  6418 | D:8      | Found a runed translucent door.
  6444 | D:8      | Reached skill level 5 in Hexes
  6448 | D:8      | Reached skill level 5 in Stealth
  6535 | D:8      | Noticed Biggs's ghost (novice DjAE)
  6573 | D:8      | Reached skill level 1 in Throwing
  6882 | D:8      | Reached XP level 10. HP: 51/51 MP: 20/20
  6908 | D:8      | Reached *** piety under Wu Jian
  6961 | D:8      | Reached skill level 6 in Stealth
  7727 | D:9      | Killed a two-headed ogre
  7729 | D:9      | Found a shimmering altar of Xom.
  7729 | D:9      | Noticed a two-headed ogre
  7737 | D:9      | Killed a two-headed ogre
  7989 | D:9      | Found Raro's Armour Boutique.
  8677 | D:9      | Learned a level 4 spell: Passage of Golubria
  8767 | D:10     | Entered Level 10 of the Dungeon
  8813 | D:10     | Reached skill level 7 in Stealth
  8813 | D:10     | Reached skill level 1 in Translocations
  8910 | D:10     | Noticed Erica
  8924 | D:10     | Killed Erica
  8925 | D:10     | Reached skill level 5 in Fighting
  8925 | D:10     | Reached skill level 1 in Conjurations
  9074 | D:10     | Noticed a two-headed ogre
  9081 | D:10     | Noticed a two-headed ogre
  9099 | D:10     | Killed a two-headed ogre
  9100 | D:10     | Reached skill level 8 in Stealth
  9100 | D:10     | Reached XP level 11. HP: 35/55 MP: 13/22
  9182 | D:10     | Killed a two-headed ogre
  9636 | D:10     | Noticed Joseph
  9651 | D:10     | Killed Joseph
 10049 | D:11     | Noticed Gastronok
 10132 | Lair:1   | Entered Level 1 of the Lair of Beasts
 10146 | Lair:1   | Noticed Maggie
 10166 | D:8      | Reached **** piety under Wu Jian
 10324 | D:8      | Killed Maggie
 10325 | D:8      | Reached skill level 9 in Stealth
 10543 | Lair:1   | Reached skill level 5 in Translocations
 10692 | Lair:1   | Found a transporter.
 10873 | Lair:1   | Reached skill level 10 in Stealth
 11409 | Lair:1   | Found a transporter.
 11522 | Lair:1   | Noticed a cyan ugly thing
 11531 | Lair:1   | Noticed a white ugly thing
 11577 | Lair:2   | Reached skill level 11 in Stealth
 11650 | Lair:2   | Reached XP level 12. HP: 60/60 MP: 26/26
 11790 | Lair:2   | Identified the +9 morningstar of the Healing Gods {elec,
                  | rF+}
 11909 | Lair:2   | Reached skill level 12 in Stealth
 12047 | Lair:2   | Reached ***** piety under Wu Jian
 12182 | Lair:2   | Found a dark tunnel.
 12274 | Volcano  | Entered a volcano
 12298 | Volcano  | Reached skill level 13 in Stealth
 12385 | Volcano  | Reached skill level 10 in Spellcasting
 12744 | Volcano  | Learned a level 3 spell: Tukima's Dance
 12842 | Volcano  | HP: 1/60 [molten gargoyle/+0 mace (18)]
 12842 | Volcano  | Slain by a molten gargoyle

Illustrated notes

Levels and vault maps discovered:
D:1:      roderic_octagonal_star, layout_rooms
D:2:      layout_basic, basic_ecumenical_altar, serial_shops, shop
D:3:      layout_basic, uniq_jessica, uniq_ijyb
D:4:      layout_loops_cross, serial_shops, shop
D:5:      layout_basic, chequers_serial_rivers_micro_b, minmay_misc_feat_five
D:6:      layout_gridville, bloody_trog, enter_ossuary_3,
          gammafunk_ghost_cemetery
D:7:      lemuel_ice_spiral_2, layout_basic, old_standard_altar,
          minmay_temple_entry_wispy
D:8:      wander_river, layout_basic, hellmonk_lair_entry_icy,
          serial_corexii_hall, chequers_hall_statues_wall_a,
          corexii_hall_statues_t, corexii_hall_statues_x,
          corexii_hall_statues_s, ebering_ghost_inner_flame
D:9:      layout_loops_corners, xom_confusion_cloud, serial_shops,
          nicolae_shop_tiny_statue_garden, minmay_misc_feat_square
D:10:     cheibrodos_helix_gallery, layout_gridville, grunt_decor_junction,
          uniq_erica, uniq_joseph
D:11:     layout_loops_ring, uniq_gastronok, uniq_psyche
Temple:   nicolae_temple_bog_church
Lair:1:   layout_small_grid, gammafunk_ghost_abyssal_escape, wad_woods_road_03,
          minivault_27, serial_bayou_pond_c, dpeg_stationary_puzzle, uniq_maggie
Lair:2:   layout_chaotic_city, dummy_snake_entry, enter_volcano_4,
          grunt_megastairs_5
Volcano:  hellmonk_zot_springs

Skill      XL: |  1  2  3  4  5  6  7  8  9 10 11 12 |
---------------+-------------------------------------+-----
Stealth        | 1 2 3 5 8 11 13 | 13.3
Fighting       | 3 4 5 |  5.5
Short Blades   | 4 5 6 7 9 |  9.8
Dodging        | 5 6 7 8 9 |  9.1
Shapeshifting  | 1 3 5 6 7 |  7.0
Spellcasting   | 1 2 3 6 7 9 10 | 10.2
Hexes          | 2 4 5 6 8 9 |  9.5
Air Magic      | 1 3 4 |  4.0
Evocations     | 2 |  2.6
Throwing       | 1 2 |  2.1
Translocations | 3 6 |  6.0
Conjurations   | 1 2 3 |  3.1
Shields        | |  0.8

Action                     |  1- 3 |  4- 6 |  7- 9 | 10-12 || total
---------------------------+-------+-------+-------+-------++-------
  Melee: Short sword       |    93 |       |       |       ||    93
         Dagger            |    10 |   140 |   373 |   475 ||   998
         Punch             |       |       |       |     9 ||     9
         Morningstar       |       |       |       |     5 ||     5
  Throw: Throwing net      |       |       |     1 |       ||     1
         Dart              |       |       |     5 |     8 ||    13
   Cast: Dazzling Flash    |       |       |    15 |    92 ||   107
         Tukima's Dance    |       |       |       |     9 ||     9
Ability: Whirlwind         |       |       |    28 |    83 ||   111
         Lunge             |       |       |    11 |    33 ||    44
  Evoke: Wand              |       |     2 |     2 |     5 ||     9
         Lightning rod     |       |       |       |     1 ||     1
    Use: Potion            |       |     3 |     3 |     3 ||     9
         Scroll            |       |     5 |     8 |     3 ||    16
   Stab: Sleeping          |     1 |       |     1 |    16 ||    18
         Held in net/web   |       |       |     1 |       ||     1
         Invisible         |       |       |     6 |    48 ||    54
         Distracted        |       |       |       |     1 ||     1
 Armour: Robe              |    14 |    19 |    87 |    18 ||   138
         Steam dragon scal |       |       |       |    64 ||    64
  Dodge: Dodged            |    59 |    62 |   213 |   311 ||   645
  Block: Other             |       |       |       |    33 ||    33
   Form: Beast             |       |     1 |       |       ||     1
